 Dungeon Crawl Stone Soup version 0.28-b1-1-g3c77fb2ed1 (webtiles) character file.

Game seed: 13037086962367061141

86 cayde69 the Chopper (level 4, -1/41 HPs)
             Began as a Hill Orc Monk on Jan 31, 2022.
             Was a Priest of Kikubaaqudgha.
             Slain by an adder (2 damage)
             ... on level 2 of the Dungeon.
             The game lasted 00:07:54 (2739 turns).

cayde69 the Chopper (Hill Orc Monk)                 Turns: 2739, Time: 00:07:55

Health: -1/41      AC:  2    Str: 13    XL:     4   Next: 49%
Magic:  3/4        EV: 12    Int: 12    God:    Kikubaaqudgha [***...]
Gold:   50         SH:  0    Dex: 13    Spells: 2/4 levels left

rFire   . . .      SeeInvis .   a - +0 hand axe
rCold   . . .      Faith    .   (no shield)
rNeg    . . .      Spirit   .   b - +0 robe
rPois   .          Reflect  .   (no helmet)
rElec   .          Harm     .   (no cloak)
rCorr   .          Rampage  .   (no gloves)
Will    .....                   (no boots)
Stlth   ++........              (no amulet)
HPRegen 0.13/turn               (no ring)
MPRegen 0.09/turn               (no ring)

@: lethally poisoned (-1 -> -5)
A: no striking features
a: Renounce Religion, Receive Corpses


You were on level 2 of the Dungeon.
You worshipped Kikubaaqudgha.
Kikubaaqudgha was most pleased with you.
You visited 1 branch of the dungeon, and saw 2 of its levels.

You collected 50 gold pieces.

Inventory:

Hand Weapons
 a - a +0 hand axe (weapon)
Missiles
 p - 11 poisoned darts (quivered)
Armour
 b - a +0 robe (worn)
 h - a +0 robe
 j - a +0 ring mail
Jewellery
 i - an amulet of regeneration
Wands
 o - a wand of flame (9)
Scrolls
 c - 3 scrolls of identify {unknown}
 m - a scroll of fear {unknown}
 n - a scroll of vulnerability {unknown}
Potions
 d - a potion of haste {unknown}
 e - 2 potions of might {unknown}
 f - a potion of degeneration {unknown}
 g - 2 potions of brilliance {unknown}
 k - a potion of flight {unknown}
 l - a potion of invisibility {unknown}


   Skills:
 + Level 4.4 Fighting
 + Level 5.3 Axes
 - Level 1.1 Armour
 - Level 2.4 Dodging
 - Level 1.5 Stealth
 * Level 0.5 Spellcasting
 * Level 1.1 Necromancy


You had 2 spell levels left.
You knew the following spells:

 Your Spells              Type           Power      Damage    Failure   Level
a - Animate Skeleton      Necr           6%         N/A       21%         1
b - Pain                  Necr           12%        1d4       21%         1

Your spell library contained the following spells:

 Spells                   Type           Power      Damage    Failure   Level
 Sublimation of Blood     Necr           3%         N/A       30%         2
 Vampiric Draining        Necr           3%         2d6       52%         3
 Ozocubu's Armour         Ice            0%         N/A       67%         3
 Animate Dead             Necr           1%         N/A       89%         4
 Dispel Undead            Necr           3%         3d7       89%         4
 Agony                    Necr           3%         N/A       99%         5
 Excruciating Wounds      Necr           1%         N/A       99%         5
 Borgnjor's Vile Clutch   Necr/Erth      0%         N/A       100%        5
 Simulacrum               Ice/Necr       0%         N/A       100%        6
 Ozocubu's Refrigeration  Ice            0%         4d5       100%        7


Dungeon Overview and Level Annotations

Branches:
Dungeon (2/15)

Altars:
Kikubaaqudgha


Message History

There are monsters nearby!
Unknown command.
Casting: Animate Skeleton (safe; 21% risk of failure)
Confirm with . or Enter, or press ? or * to list all spells.
You attempt to give life to the dead...
Before your eyes, flesh is ripped from the corpse!
The dead are slithering!
You feel sick. The adder bites you.
* * * LOW HITPOINT WARNING * * *
You are more poisoned.
The adder poisons you!
You feel sick.
Your ball python skeleton closely misses the adder.
Your ball python skeleton barely misses the adder.
The quokka bites your ball python skeleton.
You feel sick. The adder bites you.
* * * LOW HITPOINT WARNING * * *
You are lethally poisoned!
The adder poisons you!
Something bites your ball python skeleton.
Your ball python skeleton is destroyed!
The adder closely misses you.
You are too injured to fight recklessly!
You are too injured to fight recklessly!
You are too injured to fight recklessly!
You are too injured to fight recklessly!
You are too injured to fight recklessly!
You hit the adder.
The adder is moderately wounded.
* * * LOW HITPOINT WARNING * * *
You feel sick. The adder completely misses you.
You closely miss the adder.
The adder is moderately wounded.
* * * LOW HITPOINT WARNING * * *
You feel sick. The adder misses you.
You hit the adder but do no damage.
The adder is moderately wounded.
* * * LOW HITPOINT WARNING * * *
You feel sick. The adder misses you. The adder bites you.
You die...
Kikubaaqudgha rasps: "You have failed me!
Welcome... death!"

########### #..........
#.#.####### #.#.# ##
##.##. #† # #..# .# ##.
...###########.####. #.#
.......r@.........#.###.#
.......S#########.##.#.##
........# #.##...#
......... #.###'##
.......... #.##...#
#######..w. #.##...#
###### #.##.⌠.# #†##.8.#
#.##.÷.#


You could see an adder and a quokka.

Vanquished Creatures
  A hound (D:2)
  An adder skeleton (D:2)
  7 endoplasms
  3 giant cockroaches
  3 goblins
  6 hobgoblins
  3 quokkas (D:2)
  6 ball pythons
  4 bats
  5 frilled lizards
  6 kobolds
  3 rats
48 creatures vanquished.

Vanquished Creatures (collateral kills)
  A frilled lizard (D:2)
1 creature vanquished.

Grand Total: 49 creatures vanquished

Notes
Turn   | Place    | Note
-------+----------+-------------------------------------------
     0 | D:1      | cayde69 the Hill Orc Monk began the quest for the Orb.
     0 | D:1      | Reached XP level 1. HP: 19/19 MP: 1/1
    79 | D:1      | Reached XP level 2. HP: 19/27 MP: 2/2
   534 | D:1      | Found a faded altar of an unknown god.
   538 | D:1      | Reached skill level 1 in Armour
   671 | D:1      | Prayed at the altar of an unknown god.
   671 | D:1      | Became a worshipper of Kikubaaqudgha
   671 | D:1      | Reached * piety under Kikubaaqudgha
   671 | D:1      | Received a gift from Kikubaaqudgha
   671 | D:1      | Reached ** piety under Kikubaaqudgha
   674 | D:1      | Learned a level 1 spell: Animate Skeleton
  1197 | D:2      | Reached *** piety under Kikubaaqudgha
  1197 | D:2      | Received a gift from Kikubaaqudgha
  1204 | D:2      | Reached XP level 3. HP: 33/33 MP: 3/3
  1740 | D:2      | Learned a level 1 spell: Pain
  1971 | D:2      | Reached skill level 5 in Axes
  1971 | D:2      | Reached skill level 1 in Necromancy
  1971 | D:2      | Reached XP level 4. HP: 22/41 MP: 4/4
  2739 | D:2      | HP: 1/41 [poisoned by an adder]
  2739 | D:2      | Slain by an adder

Illustrated notes

Levels and vault maps discovered:
D:1:      dpeg_arrival_three_same_balls, layout_loops_ring,
          ebering_ecumenical_altar_mist
D:2:      kennysheep_six_static_rooms, layout_basic,
          chequers_serial_rivers_marsh, grunt_ministairs_6, grunt_decor_cap,
          grunt_decor_clamped, minmay_pentomino_r4

Skill      XL: |  1  2  3 |
---------------+----------+-----
Fighting       | 4 |  4.4
Armour         | 1 |  1.1
Axes           | 5 |  5.3
Necromancy     | 1 |  1.1
Dodging        | |  2.4
Stealth        | |  1.5
Spellcasting   | |  0.5

Action                   |  1- 3 |  4- 6 || total
-------------------------+-------+-------++-------
Melee: Hand axe          |   131 |    45 ||   176
       Punch             |     1 |     2 ||     3
 Cast: Animate Skeleton  |     1 |     2 ||     3
Evoke: Wand              |     2 |       ||     2
 Stab: Sleeping          |     4 |       ||     4
       Distracted        |       |     1 ||     1
Armor: Robe              |    20 |     4 ||    24
Dodge: Dodged            |    89 |    30 ||   119
